 Dungeon Crawl Stone Soup version 0.24.0-123-gd5b16e6ec5 (webtiles) character file.

Game seed: 15363613814336358460, levelgen mode: deterministic

77 Norian the Conjurer (level 4, -3/24 HPs)
             Began as a Deep Elf Conjurer on Dec 24, 2019.
             Killed by divine providence
             ... invoked by an orc priest
              (13 damage)
             ... on level 3 of the Dungeon.
             The game lasted 00:02:06 (1865 turns).

Norian the Conjurer (Deep Elf Conjurer)             Turns: 1865, Time: 00:02:06

Health: -3/24      AC:  3    Str:  6    XL:     4   Next: 14%
Magic:  4/12       EV: 13    Int: 25    God:
Gold:   64         SH:  3    Dex: 15    Spells: 3/12 levels left

rFire    . . .     SeeInvis .   (no weapon)
rCold    . . .     Gourm    .   (no shield)
rNeg     . . .     Faith    .   a - +0 robe
rPois    .         Spirit   .   (no helmet)
rElec    .         Reflect  +   i - +0 cloak
rCorr    .         Harm     .   (no gloves)
MR       .....                  (no boots)
Stlth    +++.......             p - +3 amulet of reflection
HPRegen  0.08/turn              k - ring of stealth
MPRegen  0.13/turn              (no ring)

@: brilliant, slowed, very slow
A: no striking features
a: no special abilities


You were on level 3 of the Dungeon.
You were not hungry.

You visited 1 branch of the dungeon, and saw 3 of its levels.

You collected 64 gold pieces.

Inventory:

Armour
 a - a +0 robe (worn)
 e - a +0 shield
 i - a +0 cloak (worn)
Jewellery
 k - a ring of stealth (left hand)
 n - an uncursed ring of ice
 p - a +3 amulet of reflection (around neck)
Scrolls
 b - a scroll of noise {unknown}
 d - 4 scrolls of identify {unknown}
 g - 2 scrolls of magic mapping {unknown}
 l - a scroll of fog {unknown}
 m - a scroll of enchant weapon {unknown}
 o - a scroll of enchant armour {unknown}
Potions
 f - a potion of brilliance
 h - a potion of heal wounds {unknown}
 j - a potion of agility {unknown}
Comestibles
 c - 3 rations


   Skills:
 - Level 2.4 Dodging
 - Level 2.4 Stealth
 + Level 4.7 Spellcasting
 + Level 5.4 Conjurations
 + Level 0.1 Hexes


You had 3 spell levels left.
You knew the following spells:

 Your Spells              Type           Power        Failure   Level  Hunger
a - Magic Dart            Conj           ####         1%          1    None
b - Iskenderun's Mystic   Conj           #####...     1%          4    ####...
c - Fulminant Prism       Conj/Hex       ####......   3%          4    ####...

Your spell library contained the following spells:

 Spells                   Type           Power        Failure   Level  Hunger
 Searing Ray              Conj           #####.       1%          2    None
 Dazzling Spray           Conj/Hex       ####..       1%          3    ##.....
 Force Lance              Conj/Tloc      ####....     3%          4    ####...


Dungeon Overview and Level Annotations

Branches:
Dungeon (3/15)

Altars:


Message History

The orc wizard flickers and vanishes!
Deactivating autopickup; reactivate with Ctrl-A.
It was a potion of brilliance.
You feel clever all of a sudden.
You feel less confused.
The orc priest hits you with a +0 flail!
The orc priest closely misses you.
The orc wizard mumbles some strange words.
The orc wizard flickers and vanishes!
Okay, then.
The orc priest closely misses you.
The orc priest hits you with a +0 flail.
The orc priest looks satisfied for a moment.
Something hits you.
You hear some strange, mumbled words.
Something tries to affect you, but you resist.
Your magical contamination has completely faded away.
The orc priest calls down the wrath of Beogh upon you.
Beogh smites you!
Ouch! That really hurt!
You die...

#.###.###..#..#
#..#...#...#
..# #......o..#
.# ###o########
.. #####...# .
#.....###
#..o.##
####.#######
#@.......
#########


You could see an orc priest.

Vanquished Creatures
  4 adders
  An ooze (D:3)
  A leopard gecko (D:2)
  A giant cockroach (D:1)
  4 goblins
  5 hobgoblins
  3 ball pythons
  7 bats
  4 frilled lizards
  5 kobolds
  4 rats
39 creatures vanquished.

Notes
Turn   | Place    | Note
-------+----------+-------------------------------------------
     0 | D:1      | Norian the Deep Elf Conjurer began the quest for the Orb.
     0 | D:1      | Reached XP level 1. HP: 10/10 MP: 6/6
     0 | D:1      | Noticed an elf
     5 | D:1      | Noticed a minotaur skeleton
     6 | D:1      | Noticed an elf
     7 | D:1      | Noticed a gargoyle
     8 | D:1      | Noticed a minotaur zombie
    12 | D:1      | Noticed a troll
    12 | D:1      | Noticed a centaur
    18 | D:1      | Noticed a ghoul
   216 | D:1      | Reached XP level 2. HP: 15/15 MP: 5/8
   789 | D:2      | Reached skill level 5 in Conjurations
   789 | D:2      | Reached XP level 3. HP: 14/19 MP: 3/10
  1720 | D:3      | Reached XP level 4. HP: 17/24 MP: 1/12
  1835 | D:3      | Learned a level 4 spell: Iskenderun's Mystic Blast
  1840 | D:3      | Learned a level 4 spell: Fulminant Prism
  1865 | D:3      | Killed from afar by an orc priest

Levels and vault maps discovered:
D:1:      shiori_arrival_whats_in_store_for_you, layout_rooms
D:2:      layout_basic
D:3:      layout_rooms, serial_bayou_pond_c, minmay_between

Skill      XL: |  1  2 |
---------------+-------+-----
Spellcasting   | 4 |  4.7
Conjurations   | 5 |  5.4
Dodging        | |  2.4
Stealth        | |  2.4
Hexes          | |  0.1

Action                   |  1- 3 |  4- 6 || total
-------------------------+-------+-------++-------
 Cast: Magic Dart        |    66 |     6 ||    72
       Iskenderun's Myst |       |     1 ||     1
  Use: Potion            |       |     1 ||     1
  Eat: Ration            |     1 |       ||     1
Armor: Robe              |     1 |       ||     1
Dodge: Dodged            |     6 |     2 ||     8
